 Dungeon Crawl Stone Soup version 0.19-a0-607-g42021f0 (webtiles) character file.

122 pk666 the Chopper (level 4, -2/41 HPs)
             Began as a Minotaur Berserker on June 12, 2016.
             Was a Believer of Trog.
             Slain by Sigmund
             ... wielding a +0 scythe
              (4 damage)
             ... on level 2 of the Dungeon.
             The game lasted 00:03:27 (1766 turns).

pk666 the Chopper (Minotaur Berserker)              Turns: 1766, Time: 00:03:28

Health: -2/41      AC:  2    Str: 23    XL:     4   Next: 78%
Magic:  3/3        EV:  7    Int:  4    God:    Trog [**....]
Gold:   87         SH:  0    Dex:  9    Spells: 0 memorised, 3 levels left

rFire  . . .     SeeInvis .     a - +0 hand axe
rCold  . . .     Gourm    .     b - +0 animal skin
rNeg   . . .     Faith    .     (no shield)
rPois  .         Spirit   .     (helmet restricted)
rElec  .         Dismiss  .     (no cloak)
rCorr  .         Reflect  .     (no gloves)
SustAt .         Harm     .     (no boots)
MR     .....                    (no amulet)
Stlth  +.........               (no ring)
                                (no ring)

@: confused, held, not resistant to hostile enchantments, very unstealthy
A: retaliatory headbutt, horns 2
a: Berserk, Trog's Hand, Burn Spellbooks, Renounce Religion


You were on level 2 of the Dungeon.
You worshipped Trog.
Trog was pleased with you.
You were not hungry.

You visited 1 branch of the dungeon, and saw 2 of its levels.

You collected 87 gold pieces.

Inventory:

Hand Weapons
 a - a +0 hand axe (weapon)
Armour
 b - a +0 animal skin (worn)
Scrolls
 e - 2 scrolls of identify {unknown}
 g - a scroll of enchant weapon {unknown}
 h - 2 scrolls of noise {unknown}
 i - a scroll of amnesia {unknown}
 j - a scroll of magic mapping {unknown}
Potions
 d - 2 potions of berserk rage {unknown}
 f - a potion of might {unknown}
 k - a potion of mutation {unknown}
Comestibles
 c - a bread ration
 l - a chunk of flesh


   Skills:
 + Level 4.4 Fighting
 + Level 4.6 Axes
 + Level 3.5 Armour
 + Level 3.5 Dodging


You had 3 spell levels left.
You didn't know any spells.

Dungeon Overview and Level Annotations

Branches:
Dungeon (2/15)

Altars:
Gozag
Nemelex Xobeh
Xom

Annotations:
D:2 Sigmund


Innate Abilities, Weirdness & Mutations

You reflexively headbutt those who attack you in melee.
You have a pair of horns on your head.


Message History

You resist with some effort. The gnoll misses you. Sigmund closely misses you.
The gnoll barely misses you. Sigmund casts a spell at you.
The magic dart hits you!
The gnoll hits you from afar with a halberd of protection!
Sigmund misses you.
A gnoll comes into view. It is wielding a whip.
You're too confused to move!
The gnoll hits you with a halberd of protection!
* * * LOW HITPOINT WARNING * * *
Sigmund hits you with a scythe.
* * * LOW HITPOINT WARNING * * *
The gnoll throws a throwing net.
The throwing net hits you.
You become entangled in the net!
A gnoll comes into view. It is wielding an enchanted whip.
You struggle against the net.
The gnoll shouts!
The gnoll barely misses you. Sigmund hits you with a scythe.
You die...

#.## #... #.. #.g# ##
#####.. #..## .#+#......
#...
.........#######.g######.
................@........
.............# #@g# .....
#......###..#
...#.##.).....##..#
..................#
#..#..............###
......................
.......................
..............##.......
..............##.......


You could see Sigmund and 3 gnolls.

Vanquished Creatures
  Ijyb (D:2)
  4 adders (D:2)
  2 worms (D:2)
  A dart slug (D:2)
  5 giant cockroaches
  2 hobgoblins
  7 jackals
  3 quokkas (D:2)
  3 bats
  3 giant newts
  6 goblins
  6 kobolds
  9 rats
52 creatures vanquished.

Notes
Turn   | Place    | Note
--------------------------------------------------------------
     0 | D:1      | pk666 the Minotaur Berserker began the quest for the Orb.
     0 | D:1      | Reached XP level 1. HP: 19/19 MP: 0/0
    85 | D:1      | Found a sparkling altar of Nemelex Xobeh.
    88 | D:1      | Reached XP level 2. HP: 27/27 MP: 1/1
   460 | D:1      | Reached ** piety under Trog
   662 | D:2      | Reached XP level 3. HP: 9/33 MP: 2/2
   885 | D:2      | Found an opulent altar of Gozag.
  1239 | D:2      | Found a shimmering altar of Xom.
  1284 | D:2      | Reached XP level 4. HP: 30/40 MP: 3/3
  1431 | D:2      | Noticed Ijyb
  1443 | D:2      | Killed Ijyb
  1750 | D:2      | Noticed Sigmund
  1765 | D:2      | HP: 2/41 [Sigmund/scythe (6)]
  1766 | D:2      | Slain by Sigmund

Vault maps used:
D:1:      dpeg_arrival_central, nemelex_xobeh_ov_fountains_minmay
D:2:      overflow_temple_1_default, grunt_gozag_breadcrumbs, st_stairs_8,
          uniq_sigmund, uniq_iyjb

Skill      XL: |  1  2  3 |
---------------+----------+-----
Axes           | 4 |  4.6
Fighting       | 4 |  4.4
Armour         | 3 |  3.5
Dodging        | 3 |  3.5

Action                   |  1- 3 |  4- 6 || total
-------------------------+-------+-------++-------
Melee: Hand axe          |    74 |    29 ||   103
       Headbutt          |    10 |     3 ||    13
Invok: Burn Spellbooks   |     1 |       ||     1
       Berserk           |       |     1 ||     1
 Stab: Sleeping          |     1 |       ||     1
  Eat: Chunk             |     1 |     3 ||     4
Armor: Animal skin       |     9 |     4 ||    13
Dodge: Dodged            |    36 |    25 ||    61
